 Dungeon Crawl Stone Soup version 0.19-a0-1932-g59670f6 (webtiles) character file.

315 PurpleRed the Conjurer (level 6, 0/32 HPs)
             Began as a Kobold Conjurer on Oct 25, 2016.
             Was an Initiate of Vehumet.
             Slain by a gnoll sergeant
             ... wielding a +2 vampiric spear
              (10 damage)
             ... on level 6 of the Dungeon.
             The game lasted 00:10:34 (1112 turns).

PurpleRed the Conjurer (Kobold Conjurer)            Turns: 1112, Time: 00:10:35

Health: 0/32       AC:  4    Str:  6    XL:     6   Next: 72%
Magic:  2/12       EV: 15    Int: 22    God:    Vehumet [......]
Gold:   123        SH:  0    Dex: 15    Spells: 3 memorised, 5 levels left

rFire  + . .     SeeInvis .     d - +11 mace of Triumph {crush, rF+ Int+4}
rCold  . . .     Gourm    .     a - +0 robe
rNeg   . . .     Faith    .     (shield restricted)
rPois  .         Spirit   .     t - +0 helmet
rElec  .         Reflect  .     m - +0 cloak
rCorr  .         Harm     .     (no gloves)
MR     .....                    (no boots)
Stlth  ++........               (no amulet)
                                (no ring)
                                (no ring)

@: no status effects
A: carnivore 3
a: Renounce Religion


You were on level 6 of the Dungeon.
You worshipped Vehumet.
Vehumet was noncommittal.
You were very full.

You visited 2 branches of the dungeon, and saw 9 of its levels.

You collected 123 gold pieces.

Inventory:

Hand Weapons
 d - the +11 mace of Triumph (weapon) {crush, rF+ Int+4}
   (You found it on level 4 of the Dungeon)

   It inflicts extra damage upon your enemies.
   It affects your intelligence (+4).
   It protects you from fire.
 e - a +0 dagger
 h - a +1 short sword
Missiles
 p - 2 throwing nets (quivered)
 q - 3 poisoned needles
 r - 2 curare-tipped needles
Armour
 a - a +0 robe (worn)
 m - a +0 cloak (worn)
 t - a +0 helmet (worn)
Jewellery
 l - an uncursed ring of ice
Scrolls
 g - a scroll of enchant weapon
 o - 2 scrolls of teleportation
Potions
 i - a potion of berserk rage
 j - a potion of cancellation
 k - a potion of heal wounds
 n - 2 potions of agility
 s - 3 potions of curing {unknown}
Books
 b - a book of Conjurations

   Spells                             Type                      Level
   a - Magic Dart                     Conjuration                  1
   b - Searing Ray                    Conjuration                  2
   c - Dazzling Spray                 Conjuration/Hexes            3
   d - Fulminant Prism                Conjuration/Hexes            4
   e - Iskenderun's Mystic Blast      Conjuration                  4
   f - Iskenderun's Battlesphere      Conjuration/Charms           5
Comestibles
 c - a meat ration
 f - 2 royal jellies


   Skills:
 - Level 2.4 Dodging
 - Level 2.6 Stealth
 + Level 4.3 Spellcasting
 * Level 6.0 Conjurations
 + Level 1.4 Charms


You had 5 spell levels left.
You knew the following spells:

 Your Spells              Type           Power        Failure   Level  Hunger
a - Magic Dart            Conj           ####         1%          1    None
b - Searing Ray           Conj           ####..       1%          2    #......
c - Iskenderun's Battles  Conj/Chrm      ###.....     75%         5    ######.


Dungeon Overview and Level Annotations

Branches:
Dungeon (8/15)             Temple (1/1) D:7
   Lair: D:8-11

Altars:
Ashenzari
Elyvilon
Fedhas
Gozag
Hepliaklqana
Kikubaaqudgha
Nemelex Xobeh
Okawaru
Ru
Sif Muna
Trog
Vehumet
Xom
Zin

Annotations:
D:8 Prince Ribbit


Innate Abilities, Weirdness & Mutations

You are small and have problems with some larger weapons.
You are carnivorous and can eat meat at any time.


Message History

The gnoll sergeant is heavily wounded.
The searing ray misses the gnoll sergeant.
You finish channeling your searing ray.
The gnoll sergeant hits you from afar with a vampiric spear.
Casting: Searing Ray
Confirm with . or Enter, or press ? or * to list all spells.
Aiming: Searing Ray
Press: ? - help, Shift-Dir - straight line, f/p - gnoll sergeant
Aim: a gnoll sergeant, wielding a vampiric spear, wearing a ring mail and wearing a buckler (heavily wounded)
The searing ray hits the gnoll sergeant.
The gnoll sergeant is heavily wounded.
The gnoll sergeant hits you from afar with a vampiric spear.
* * * LOW HITPOINT WARNING * * *
The gnoll sergeant draws strength from your wounds!
The searing ray hits the gnoll sergeant.
The gnoll sergeant is severely wounded.
The gnoll sergeant hits you but does no damage.
The gnoll sergeant blocks the searing ray.
The gnoll sergeant hits you from afar with a vampiric spear!
You die...

#.## #... #### #########
........# #######
##.######.########.....##
......g.@.............)).
########.######.(#######.#.#.## #
#....# #..#######.#.#.##
###....###.# #..........#.#.##
..'....<...#######.##.....##.#.##
###.....#...........'.....'..#.##
# #.....# #.######.##.....####.##
# #####.# .# #.##.....# #.## #
#.# #)##.....# #.##


You could see a gnoll sergeant.

Vanquished Creatures
  A necrophage (D:5)
  A centaur (D:6)
  An orc wizard (D:4)
  A worker ant (D:7)
  2 hound skeletons (D:4)
  2 gnolls (D:6)
  2 adders
  2 leopard geckos
  4 orcs (D:4)
  2 ball pythons
  A giant cockroach (D:5)
  4 goblins
  A hobgoblin (D:1)
  4 quokkas
  2 bats
  A frilled lizard (D:4)
  3 kobolds
  A quokka skeleton (D:4)
  2 rats (D:1)
37 creatures vanquished.

Notes
Turn   | Place    | Note
-------+----------+-------------------------------------------
     0 | D:1      | PurpleRed the Kobold Conjurer began the quest for the Orb.
     0 | D:1      | Reached XP level 1. HP: 10/10 MP: 3/3
    92 | D:1      | Reached XP level 2. HP: 11/15 MP: 1/5
   188 | D:2      | Reached XP level 3. HP: 16/19 MP: 4/7
   194 | D:2      | Learned a level 2 spell: Searing Ray
   417 | D:4      | Reached XP level 4. HP: 18/24 MP: 0/8
   427 | D:4      | Got a brightly glowing mace
   428 | D:4      | Identified the +11 mace of Triumph {crush, rF+ Int+4} (You found it on level 4 of the Dungeon)
   546 | D:4      | Reached skill level 5 in Conjurations
   546 | D:4      | Reached XP level 5. HP: 15/28 MP: 10/10
   553 | D:4      | Learned a level 5 spell: Iskenderun's Battlesphere
   618 | D:5      | Entered Level 5 of the Dungeon
   632 | D:5      | Found a sacrificial altar of Ru.
   686 | D:5      | Noticed a necrophage
   694 | D:5      | Killed a necrophage
   694 | D:5      | Reached XP level 6. HP: 24/32 MP: 6/12
   747 | D:5      | Found a glowing silver altar of Zin.
   824 | D:7      | Found a staircase to the Ecumenical Temple.
   827 | D:7      | Reached skill level 1 in Charms
   832 | Temple   | Entered the Ecumenical Temple
   876 | Temple   | Became a worshipper of Vehumet
   895 | D:8      | Noticed Prince Ribbit
   895 | D:8      | Noticed a sky beast
   963 | D:6      | Reached skill level 6 in Conjurations
  1112 | D:6      | Slain by a gnoll sergeant

Vault maps used:
D:1:      shiori_arrival_maze
D:2:      serial_curves, eino_curves_04, eino_curves_03, first_bread
D:3:      tso_metal_star, nicolae_overflow_hidden_temple, uniq_terence
D:5:      grunt_dithmenos_smoke, nicolae_overflow_crystal_walls,
          kennysheep_little_box, supply_closet_lemuel
D:6:      yredelemnul_forgotten_temple_becter, uniq_duvessa
D:7:      the_bakery
D:8:      kennysheep_blocky_room, overflow_temple_1_default, serial_shops, shop,
          serial_glass, glass_columns_a, glass_columns_b,
          nicolae_ru_awakened_eye, uniq_joseph, uniq_psyche, uniq_pikel,
          uniq_erica, uniq_prince_ribbit1
Temple:   nicolae_temple_x_marks_the_god

Skill      XL: |  1  2  3  4  5  6 |
---------------+-------------------+-----
Spellcasting   | 3 4 |  4.3
Conjurations   | 5 6 |  6.0
Charms         | 1 |  1.4
Dodging        | |  2.4
Stealth        | |  2.6

Action                   |  1- 3 |  4- 6 || total
-------------------------+-------+-------++-------
Melee: Short sword       |    15 |       ||    15
       Dagger            |     2 |       ||     2
       Mace              |       |    23 ||    23
 Cast: Magic Dart        |    33 |     6 ||    39
       Searing Ray       |       |     7 ||     7
  Use: Scroll            |     5 |     5 ||    10
       Potion            |       |     1 ||     1
  Eat: Chunk             |     3 |     4 ||     7
Armor: Robe              |       |     2 ||     2
Dodge: Dodged            |    31 |    28 ||    59
